AoeStats
← BassAuthor12765

Nomad

510926553Analyzed
2v2 RM · 11h ago on Oct 3, 2026· 25m 14s· 4 players
Game mode
Random Map
Map size
176×176
Population
200
Speed
Normal
Resources
Standard
Victory
Conquest
Starting age
Dark Age
Ending age
Imperial Age
RankedLock teamsTeams togetherTeam positionsShared explorationLock speedFull tech treeHidden civsTurbo modeCheats
Victory
Defeat
🇮🇳 Danes · India
1042
+46
🇲🇽 Spanish · Mexico
1024
+16
🇦🇷 Aztecs · Argentina
1042
-19
🇦🇷 Chinese · Argentina
1023
-16
Il-Diavolo-92
3:43 Loom
15:52 Feudal Age
16:35 Double-Bit Axe
17:29 Wheelbarrow
16:44 Fishing Lines
20:11 Town Watch
20:22 Gold Mining
23:34 Castle Age
21:40 Stone Mining
22:39 Bloodlines
22:37 Padded Archer Armor
25:09 Leather Archer Armor
24:58 Husbandry
BassAuthor12765
5:12 Loom
13:04 Feudal Age
17:24 Castle Age
18:15 Scale Mail Armor
19:21 Gambesons
19:37 Squires
20:15 Forging
20:55 Arson
paxco10
9:41 Loom
11:44 Loom
14:13 Feudal Age
20:52 Castle Age
19:53 Forging
19:50 Arson
20:18 Gold Mining
20:21 Man-at-Arms
21:17 Eagle Warrior
22:52 Long Swordsman
JuanFu Jai
4:28 Loom
17:13 Feudal Age
Connection lost

Rejoining the realm…

Still unreachable

The connection could not be restored.

Session expired

The server has moved on; the page needs a fresh start.